Workbook
Name Supps_Barnett: #REF!

Sheet 3.1 SG CTS
B2: 3.1 Comparison of cash grant payable to the Scotland Consolidated Fund
B4: Spending Total: amounts sought this year | D4: Comparison: Supplementary Estimates 2023-24 | F4: Comparison: Main Estimates 2023-24
B5: Budget Type | C5: Main Estimates 2024-25 (£m) | D5: Change (£m) | E5: % change | F5: Change (£m) | G5: % change
B6: Scottish Consolidated Fund: Non-Budget expenditure | C6: ='3.3a Cash Grant'!C39 -> 27954.959 | D6: =SUM(C6-31132.6335138226) -> -3177.6749 | E6: =D6/C6 -> -0.11367124 | F6: =SUM(C6-29859.971) -> -1905.0123 | G6: =F6/C6 -> -0.068145776
B7: The level of UK Government funding for the Scottish Government in 2024-25 was largely determined at Spending Review 2021. The Statement of Funding Policy document sets out how the Barnett formula was applied.

Sheet 3.3a Cash Grant
B2: 3.3 (a) Cash grant payable to the Scotland Consolidated Fund 2024-25
B4: £ million | C4: sub total | E4: Comments:
B5: Scottish Government block grant (DEL) | C5: =SUM('3.4 (a) Resource Changes'!I162+'3.4 (b) Capital Changes'!G46) -> 31402.262 | E5: see 3.4 (b) control totals table
B6: UK Government funded AME | C6: =SUM('3.3 (b) Control Totals'!D30) -> 4336.117 | E6: see 3.4 (b) control totals table
B7: Fiscal Framework transactions | C7: =SUM('3.3 (b) Control Totals'!D41) -> 21854.496 | E7: see 3.4 (b) control totals table
B8: Non-Domestic Rates | C8: ='[1]2024-25 Main Estimate'!F8 -> 3068
B9: subtotal (TOTAL MANAGED EXPENDITURE) | C9: =SUM(C5:C8) -> 60660.875
B10: add
B11: Repayments of principal to National Loans Fund of pre 1999 loans to former Scottish Water Authorities | C11: 42.776
B12: Police Loan Charges | C12: 3.477
B13: Movement in Creditors / Debtors | C13: 700
B14: subtotal | C14: =SUM(C11:C13) -> 746.253
B15: less
B16: Non Domestic Rates Income | C16: 3068
B17: National Insurance Fund Payments | C17: 2844.5294
B18: subtotal | C18: =SUM(C16:C17) -> 5912.5294
B19: less
B20: Taxes collected by Scottish Government | C20: 788.71365
B21: Scottish Income Tax | C21: 18844.082
B22: Reconciliation adjustment for Scottish Income Tax | C22: 1461.1
B23: Capital Borrowing | C23: 338
B24: Resource Borrowing | C24: 457.5
B25: Repayment of principal of loans | C25: -264.9
B26: Crown Estate Scotland revenues | C26: 200
B27: Other Fiscal Framework transactions | C27: 30
B28: subtotal | C28: =SUM(C20:C27) -> 21854.496
B29: less
B30: Depreciation (Scottish Government Funded AME) | C30: 944.82966
B31: Depreciation (UK Government Funded AME) | C31: 3.491
B32: Impairments (Scottish Government Funded AME) | C32: 908.24215
B33: Impairments (UK Government Funded AME) | C33: 100
B34: IFRS16 working capital adjustment | C34: 158.41114
B35: Resource to cash adjustments for NHS and Teachers Pensions (UK Government Funded AME) | C35: 3438.406
B36: Payments relating to release of provisions (AME) | C36: 0
B37: Other cash to accruals adjustments | C37: =141.457-9.693 -> 131.764
B38: subtotal | C38: =SUM(C30:C37) -> 5685.1439
B39: CASH GRANT PAYABLE TO SCOTLAND CONSOLIDATED FUND | C39: =SUM(C9+C14-C18-C28-C38) -> 27954.959
B40: PAYOVER OF INCOME TAX | C40: =SUM(C21+C22) -> 20305.182
B41: TOTAL CASH REQUIREMENT | C41: =SUM(C39:C40) -> 48260.141

Sheet 3.3 (b) Control Totals
B2: 3.3 (b) Control totals for the Scottish Government in 2024-25 including breakdown of main programme of AME spending
B4: 1. Scottish Government DEL Control Total
B5: £ millions | D5: 2024-25 | E5: Comments:
B6: Total Resource DEL of which: | D6: ='3.4 (a) Resource Changes'!I162 -> 25772.482 | E6: *Post block grant adjustments
B7: RDEL excluding depreciation | D7: ='3.4 (a) Resource Changes'!E162 -> 38346.309 | E7: see 3.4 (c) funding changes table
B8: Block Grant Adjustment (BGA) [1] | D8: ='3.4 (a) Resource Changes'!H162 -> -14676.992 | E8: see 3.4 (c) funding changes table
B9: depreciation and impairments ring fence | D9: ='3.4 (a) Resource Changes'!F162 -> 1194.9234 | E9: see 3.4 (c) funding changes table
B10: student loans ring fence in DEL | D10: ='3.4 (a) Resource Changes'!G162 -> 908.242 | E10: see 3.4 (c) funding changes table
B11: Total Capital DEL of which: | D11: ='3.4 (b) Capital Changes'!G46 -> 5629.7804 | E11: see 3.4 (c) funding changes table
B12: General CDEL | D12: ='3.4 (b) Capital Changes'!E46 -> 5506.5822 | E12: see 3.4 (c) funding changes table
B13: Ring fenced financial transactions | D13: ='3.4 (b) Capital Changes'!F46 -> 123.19824 | E13: see 3.4 (c) funding changes table
B14: Total Scottish Government block grant allocation | D14: =D11+D6 -> 31402.262 | E14: sum of the above
B16: 2. Scottish Government Annually Managed Expenditure funded by the UK Government
B17: £ millions | E17: Comments:
B18: Student Loans (CAME) | D18: 865 | E18: see 3.4(a) cash grant table
B19: Student Loans (RAME) | D19: -60.893 | E19: see 3.4(a) cash grant table
B20: NHS Pensions (Scotland) - [Net resource requirement] (RAME) | D20: 2186.669 | E20: see 3.4(a) cash grant table
B21: Teachers Pensions (Scotland) - [Net resource requirement] (RAME) | D21: 1235.737 | E21: see 3.4(a) cash grant table
B22: NHS Impairments (RAME) | D22: 100 | E22: see 3.4(a) cash grant table
B23: IFRS 16 technical reclassification (RAME) | D23: 0.789
B24: IFRS 16 technical reclassification (CAME) | D24: 2.974
B25: Provisions (RAME) | D25: 0 | E25: see 3.4(a) cash grant table
B26: Impairments (RAME) | D26: 0 | E26: see 3.4(a) cash grant table
B27: Pensions (RAME) | D27: 2.35 | E27: see 3.4(a) cash grant table
B28: Corporation tax (RAME) | D28: 0 | E28: see 3.4(a) cash grant table
B29: Depreciation (RAME) | D29: 3.491 | E29: see 3.4(a) cash grant table
B30: Subtotal | D30: =SUM(D18:D29) -> 4336.117
B31: 3. Self-financed Annually Managed Expenditure
B32: £ millions | E32: Comments:
B33: Drawdown from the Scotland Reserve | D33: 0 | E33: see 3.4(a) cash grant table
B34: Scottish Income Tax | D34: 18844.082 | E34: see 3.4(a) cash grant table
B35: Reconciliation adjustment for Scottish Income Tax | D35: 1461.1 | E35: see 3.4(a) cash grant table
B36: Devolved Taxes | D36: 788.71365 | E36: see 3.4(a) cash grant table
B37: Borrowing | D37: 795.5 | E37: see 3.4(a) cash grant table
B38: Repayment of principal of loans | D38: -264.9
B39: Crown Estate Scotland revenues | D39: 200
B40: Other Fiscal Framework transactions | D40: 30
B41: Subtotal | D41: =SUM(D33:D40) -> 21854.496
B42: TOTAL UK Government and Scottish Government funded AME | D42: =SUM(D30+D41) -> 26190.613 | E42: sum of (2) and (3)
B44: [1] Block Grant Adjustment includes the sum of tax and welfare Block Grant Adjustments

Sheet 3.4 (a) Resource Changes
B2: 3.4 (a) Resource DEL funding changes since Spending Review 2021
E3: Resource DEL excl depreciation | F3: depreciation & impairments | G3: student loans | H3: Block Grant Adjustments | I3: total Resource DEL
B4: Spending Review 2021 Baseline | E4: 30851.073 | F4: 932.4857 | G4: 1585.803 | H4: -12874.468 | I4: =SUM(E4:H4) -> 20494.893
B6: Barnett consequentials
B7: £ million / Event | C7: Department | D7: Measures | E7: Resource DEL excl depreciation | F7: depreciation & impairments | G7: student loans | H7: Block Grant Adjustments | I7: total Resource DEL
B9: Spending Review 2021 | C9: Multiple | D9: SR21 settlement | E9: 4724.7907 | F9: 0 | G9: 0 | H9: 0 | I9: =SUM(E9:H9) -> 4724.7907
B10: Subtotal Spending Review 2021 | E10: =SUM(E9) -> 4724.7907 | F10: =SUM(F9) -> 0 | G10: =SUM(G9) -> 0 | H10: =SUM(H9) -> 0 | I10: =SUM(E10:H10) -> 4724.7907
B12: Spring Statement 2022 | C12: Department for Work and Pensions | D12: Debt Enforcement Function | E12: 0.78713693 | F12: 0 | G12: 0 | H12: 0 | I12: =SUM(E12:H12) -> 0.78713693
C13: Department for Education | D13: Student Finance for Higher Technical Qualifications | E13: 0 | F13: 1.9331518 | G13: 0 | H13: 0 | I13: =SUM(E13:H13) -> 1.9331518
B14: Subtotal Spring Statement 2022 | E14: =SUM(E12:E13) -> 0.78713693 | F14: =SUM(F12:F13) -> 1.9331518 | G14: =SUM(G12:G13) -> 0 | H14: =SUM(H12:H13) -> 0 | I14: =SUM(E14:H14) -> 2.7202887
B16: Autumn Statement 2022 | C16: Department of Health and Social Care | D16: NICs reversal | E16: -1.3464241 | F16: 0 | G16: 0 | H16: 0 | I16: =SUM(E16:H16) -> -1.3464241
D17: NICs reversal | E17: -56.261293 | F17: 0 | G17: 0 | H17: 0 | I17: =SUM(E17:H17) -> -56.261293
D18: Additional funding for NHS (Autumn Statement 2022) | E18: 318.97004 | F18: 0 | G18: 0 | H18: 0 | I18: =SUM(E18:H18) -> 318.97004
D19: ACS package | E19: 48.328795 | F19: 0 | G19: 0 | H19: 0 | I19: =SUM(E19:H19) -> 48.328795
C20: Department for Education | D20: NICs reversal | E20: -0.50772607 | F20: 0 | G20: 0 | H20: 0 | I20: =SUM(E20:H20) -> -0.50772607
D21: NICs reversal | E21: -31.761575 | F21: 0 | G21: 0 | H21: 0 | I21: =SUM(E21:H21) -> -31.761575
D22: Core Schools Budget uplift | E22: 225.07675 | F22: 0 | G22: 0 | H22: 0 | I22: =SUM(E22:H22) -> 225.07675
C23: Home Office | D23: NICs reversal | E23: -8.5877425 | F23: 0 | G23: 0 | H23: 0 | I23: =SUM(E23:H23) -> -8.5877425
C24: Ministry of Justice | D24: NICs reversal | E24: -3.5567785 | F24: 0 | G24: 0 | H24: 0 | I24: =SUM(E24:H24) -> -3.5567785
C25: Department for Levelling Up, Housing and Communities: Local Government | D25: NICs reversal | E25: -18.547046 | F25: 0 | G25: 0 | H25: 0 | I25: =SUM(E25:H25) -> -18.547046
D26: LGDEL: Grant funding for Local Government elements of Adult Social Care package | E26: 114.36836 | F26: 0 | G26: 0 | H26: 0 | I26: =SUM(E26:H26) -> 114.36836
C27: Department for Work and Pensions | D27: NICs reversal | E27: -0.49029972 | F27: 0 | G27: 0 | H27: 0 | I27: =SUM(E27:H27) -> -0.49029972
C28: HM Revenue and Customs | D28: NICs reversal | E28: -0.087275943 | F28: 0 | G28: 0 | H28: 0 | I28: =SUM(E28:H28) -> -0.087275943
C29: Department for Transport | D29: NICs reversal | E29: -1.8409905 | F29: 0 | G29: 0 | H29: 0 | I29: =SUM(E29:H29) -> -1.8409905
C30: Department for Business, Energy and Industrial Strategy | D30: NICs reversal | E30: -0.043209232 | F30: 0 | G30: 0 | H30: 0 | I30: =SUM(E30:H30) -> -0.043209232
C31: Levelling up, Housing and Communities | D31: NICs reversal | E31: -0.23716716 | F31: 0 | G31: 0 | H31: 0 | I31: =SUM(E31:H31) -> -0.23716716
C32: Department for Environment, Food and Rural Affairs | D32: NICs reversal | E32: -0.92360893 | F32: 0 | G32: 0 | H32: 0 | I32: =SUM(E32:H32) -> -0.92360893
C33: Small and Independent Bodies | D33: NICs reversal | E33: -0.42610382 | F33: 0 | G33: 0 | H33: 0 | I33: =SUM(E33:H33) -> -0.42610382
C34: Law Officer's Department | D34: NICs reversal | E34: -0.43956842 | F34: 0 | G34: 0 | H34: 0 | I34: =SUM(E34:H34) -> -0.43956842
C35: Department for Digital, Culture, Media and Sport | D35: NICs reversal | E35: -0.46684851 | F35: 0 | G35: 0 | H35: 0 | I35: =SUM(E35:H35) -> -0.46684851
C36: Business rates | D36: Multiplier freeze 23-24 | E36: 186.40013 | F36: 0 | G36: 0 | H36: 0 | I36: =SUM(E36:H36) -> 186.40013
D37: Transitional relief | E37: 35.901351 | F37: 0 | G37: 0 | H37: 0 | I37: =SUM(E37:H37) -> 35.901351
D38: Supporting small business | E38: 18.13238 | F38: 0 | G38: 0 | H38: 0 | I38: =SUM(E38:H38) -> 18.13238
B39: Subtotal Autumn Statement 2022 | E39: =SUM(E16:E38) -> 821.65416 | F39: =SUM(F16:F38) -> 0 | G39: =SUM(G16:G38) -> 0 | H39: =SUM(H16:H38) -> 0 | I39: =SUM(I16:I38) -> 821.65416
B41: Spring Budget 2023 | C41: Department of Health and Social Care | D41: Work and Health: IPS | E41: 1.3569766 | F41: 0 | G41: 0 | H41: 0 | I41: =SUM(E41:H41) -> 1.3569766
D42: Work and Health: Employment advice in MSK | E42: 0.38770761 | F42: 0 | G42: 0 | H42: 0 | I42: =SUM(E42:H42) -> 0.38770761
D43: Digitise NHS Health Check | E43: 0.96926903 | F43: 0 | G43: 0 | H43: 0 | I43: =SUM(E43:H43) -> 0.96926903
D44: Digital Mental Health Hub & digitising IAPT pilot & Levelling up IAPT | E44: 4.3617106 | F44: 0 | G44: 0 | H44: 0 | I44: =SUM(E44:H44) -> 4.3617106
D45: Open access to MSK tools/apps | E45: 0.96926903 | F45: 0 | G45: 0 | H45: 0 | I45: =SUM(E45:H45) -> 0.96926903
D46: Work and Health: Scaling up MSK hubs | E46: 0.29078071 | F46: 0 | G46: 0 | H46: 0 | I46: =SUM(E46:H46) -> 0.29078071
D47: Suicide Prevention | E47: 0.48463451 | F47: 0 | G47: 0 | H47: 0 | I47: =SUM(E47:H47) -> 0.48463451
C48: Department for Education | D48: New free hours offer | E48: 168.65281 | F48: 0 | G48: 0 | H48: 0 | I48: =SUM(E48:H48) -> 168.65281
D49: Uplift existing entitlement for childcare | E49: 27.914948 | F49: 0 | G49: 0 | H49: 0 | I49: =SUM(E49:H49) -> 27.914948
D50: Wraparound Childcare | E50: 18.706892 | F50: 0 | G50: 0 | H50: 0 | I50: =SUM(E50:H50) -> 18.706892
D51: Skills Bootcamps | E51: 3.3342855 | F51: 0 | G51: 0 | H51: 0 | I51: =SUM(E51:H51) -> 3.3342855
D52: Sector-Based Work Academy Programme | E52: 1.2988205 | F52: 0 | G52: 0 | H52: 0 | I52: =SUM(E52:H52) -> 1.2988205
D53: Employment support for care leavers: Staying Close | E53: 0.78510791 | F53: 0 | G53: 0 | H53: 0 | I53: =SUM(E53:H53) -> 0.78510791
D54: Childminder Grants | E54: 0.43617106 | F54: 0 | G54: 0 | H54: 0 | I54: =SUM(E54:H54) -> 0.43617106
C55: Department for Work and Pensions | D55: Universal Support | E55: 16.630307 | F55: 0 | G55: 0 | H55: 0 | I55: =SUM(E55:H55) -> 16.630307
D56: Occupational Health measures - SME subsidy piot expansion | E56: 0.96926903 | F56: 0 | G56: 0 | H56: 0 | I56: =SUM(E56:H56) -> 0.96926903
D57: WorkWell Partnerships programme pilot | E57: 2.7642583 | F57: 0 | G57: 0 | H57: 0 | I57: =SUM(E57:H57) -> 2.7642583
C58: Department for Digital, Culture, Media and Sport | D58: Charities (DCMS) | E58: 0.096926903 | F58: 0 | G58: 0 | H58: 0 | I58: =SUM(E58:H58) -> 0.096926903
B59: Subtotal Spring Budget 2023 | E59: =SUM(E41:E58) -> 250.41015 | F59: =SUM(F41:F58) -> 0 | G59: =SUM(G41:G58) -> 0 | H59: =SUM(H41:H58) -> 0 | I59: =SUM(E59:H59) -> 250.41015
B61: Autumn Statement 2023 | C61: Department of Health and Social Care | D61: NHS Talking Therapies expansion | E61: 2.035465 | F61: 0 | G61: 0 | H61: 0 | I61: =SUM(E61:H61) -> 2.035465
D62: Individual Placement and Support (IPS) for Severe Mental Illness expansion | E62: 0.58156142 | F62: 0 | G62: 0 | H62: 0 | I62: =SUM(E62:H62) -> 0.58156142
D63: Smokefree generation | E63: 8.2387868 | F63: 0 | G63: 0 | H63: 0 | I63: =SUM(E63:H63) -> 8.2387868
C64: Department for Education | D64: Apprenticeship pilot in growth sectors | E64: 2.4231726 | F64: 0 | G64: 0 | H64: 0 | I64: =SUM(E64:H64) -> 2.4231726
C65: Home Office | D65: Flexible Fund for victims of domestic abuse | E65: 0.13782022 | F65: 0 | G65: 0 | H65: 0 | I65: =SUM(E65:H65) -> 0.13782022
C66: Department for Work and Pensions | D66: Restart: expand eligibility and extend the scheme for two years | E66: 27.288404 | F66: 0 | G66: 0 | H66: 0 | I66: =SUM(E66:H66) -> 27.288404
D67: Post-Restart employment schemes, including Mandatory Work Placements: phased rollout | E67: 2.8482845 | F67: 0 | G67: 0 | H67: 0 | I67: =SUM(E67:H67) -> 2.8482845
D68: Claimant review point | E68: 0.45940073 | F68: 0 | G68: 0 | H68: 0 | I68: =SUM(E68:H68) -> 0.45940073
D69: Creative Industries - funding for the British Film Commission (BFC) and the British Film Institute (BFI) Certification Unit | E69: 0.96926903 | F69: 0 | G69: 0 | H69: 0 | I69: =SUM(E69:H69) -> 0.96926903
C70: Department for Levelling up, Housing and Communities | D70: New Burdens Funding | E70: 1.4539035 | F70: 0 | G70: 0 | H70: 0 | I70: =SUM(E70:H70) -> 1.4539035
D71: Housing Package | E71: 2.5007141 | F71: 0 | G71: 0 | H71: 0 | I71: =SUM(E71:H71) -> 2.5007141
C72: Business rates | D72: Freezing the small business multiplier for 2024-2025 | E72: 31.546241 | F72: 0 | G72: 0 | H72: 0 | I72: =SUM(E72:H72) -> 31.546241
D73: Retail, Hospitality and Leisure Relief for 2024-25 | E73: 230.41519 | F73: 0 | G73: 0 | H73: 0 | I73: =SUM(E73:H73) -> 230.41519
B74: Subtotal Autumn Statement 2023 | E74: =SUM(E61:E73) -> 310.89821 | F74: =SUM(F61:F73) -> 0 | G74: =SUM(G61:G73) -> 0 | H74: =+SUM(H61:H73) -> 0 | I74: =SUM(E74:H74) -> 310.89821
B76: Spring Budget 2024 | C76: Department of Health and Social Care | D76: Additional Funding for NHS (Spring Budget 2024) | E76: 237.47091 | F76: 0 | G76: 0 | H76: 0 | I76: =SUM(E76:H76) -> 237.47091
C77: Department for Levelling Up, Housing and Communities: Local Government | D77: Additional £500m for the final Local Government Settlement | E77: 48.463451 | F77: 0 | G77: 0 | H77: 0 | I77: =SUM(E77:H77) -> 48.463451
C78: Department for Work and Pensions | D78: Additional Health Assessment capacity (PIP) | E78: 10.290576 | F78: 0 | G78: 0 | H78: 0 | I78: =SUM(E78:H78) -> 10.290576
C79: Department for Business and Trade | D79: Changes to Debt Relief Orders | E79: 0.36752059 | F79: 0 | G79: 0 | H79: 0 | I79: =SUM(E79:H79) -> 0.36752059
C80: Business Rates | D80: Business Rates: Film Studio Relief | E80: 0.68246232 | F80: 0 | G80: 0 | H80: 0 | I80: =SUM(E80:H80) -> 0.68246232
D81: Business Rates: Extension of EPR Reset Period | E81: -3.8058348 | F81: 0 | G81: 0 | H81: 0 | I81: =SUM(E81:H81) -> -3.8058348
D82: Business Rates: Investment Zones | E82: 0.0022293188 | F82: 0 | G82: 0 | H82: 0 | I82: =SUM(E82:H82) -> 0.0022293188
B83: Subtotal Spring Budget 2024 | E83: =SUM(E76:E82) -> 293.47132 | F83: =SUM(F76:F82) -> 0 | G83: =SUM(G76:G82) -> 0 | H83: =SUM(H76:H82) -> 0 | I83: =SUM(E83:H83) -> 293.47132
B85: Main Estimates 2024-25 | C85: Department for Levelling Up, Housing and Communities: Communities | D85: Elections - Police and Crime Commissioners | E85: 8.6680649 | F85: 0 | G85: 0 | H85: 0 | I85: =SUM(E85:H85) -> 8.6680649
D86: Shared Outcomes Fund (Changing Futures) | E86: 0.7511835 | F86: 0 | G86: 0 | H86: 0 | I86: =SUM(E86:H86) -> 0.7511835
C87: Department for Education | D87: Shared Outcomes Fund 2 - Alternative provision specialist taskforce | E87: 0.048463451 | F87: 0 | G87: 0 | H87: 0 | I87: =SUM(E87:H87) -> 0.048463451
D88: Shared Outcomes Fund 2 - Data improvement across government | E88: 0.055829896 | F88: 0 | G88: 0 | H88: 0 | I88: =SUM(E88:H88) -> 0.055829896
D89: Shared Outcomes Fund 2 - Alternative provision specialist taskforce - jan letter | E89: 0.31016609 | F89: 0 | G89: 0 | H89: 0 | I89: =SUM(E89:H89) -> 0.31016609
D90: Shared Outcomes Fund 2 - Family hubs - growing up well march letter | E90: 0.18009019 | F90: 0 | G90: 0 | H90: 0 | I90: =SUM(E90:H90) -> 0.18009019
D91: Shared Outcomes Fund 2 - Send Specialist Taskforce (july 2023 letter) | E91: 0.97140142 | F91: 0 | G91: 0 | H91: 0 | I91: =SUM(E91:H91) -> 0.97140142
D92: Shared Outcomes Fund 2 - Reducing Family Court Delays | E92: 0.86255251 | F92: 0 | G92: 0 | H92: 0 | I92: =SUM(E92:H92) -> 0.86255251
D93: SCAPE costs: Music hubs (non LA) | E93: 0.043326326 | F93: 0 | G93: 0 | H93: 0 | I93: =SUM(E93:H93) -> 0.043326326
D94: SCAPE costs: 16-19 education | E94: 5.9355128 | F94: 0 | G94: 0 | H94: 0 | I94: =SUM(E94:H94) -> 5.9355128
D95: SCAPE costs: Centrally employed teachers (including LA music hubs) | E95: 0.90355259 | F95: 0 | G95: 0 | H95: 0 | I95: =SUM(E95:H95) -> 0.90355259
D96: SCAPE costs: Early Years | E96: 3.3633635 | F96: 0 | G96: 0 | H96: 0 | I96: =SUM(E96:H96) -> 3.3633635
D97: SCAPE Costs: Further Education Colleges | E97: 8.2165905 | F97: 0 | G97: 0 | H97: 0 | I97: =SUM(E97:H97) -> 8.2165905
D98: SCAPE costs: High needs | E98: 13.216274 | F98: 0 | G98: 0 | H98: 0 | I98: =SUM(E98:H98) -> 13.216274
D99: SCAPE costs: schools | E99: 89.53138 | F99: 0 | G99: 0 | H99: 0 | I99: =SUM(E99:H99) -> 89.53138
C100: Department of Health and Social Care | D100: Shared Outcomes Fund - CVD Healthchecks | E100: 0.78220011 | F100: 0 | G100: 0 | H100: 0 | I100: =SUM(E100:H100) -> 0.78220011
D101: Shared Outcomes Fund - Early years | E101: 0.34176426 | F101: 0 | G101: 0 | H101: 0 | I101: =SUM(E101:H101) -> 0.34176426
D102: Shared Outcomes Fund - UKHSA National Biosurveillance Network | E102: 0.84617186 | F102: 0 | G102: 0 | H102: 0 | I102: =SUM(E102:H102) -> 0.84617186
D103: Pensions | E103: 186.31473 | F103: 0 | G103: 0 | H103: 0 | I103: =SUM(E103:H103) -> 186.31473
D104: Pensions | E104: 7.6527667 | F104: 0 | G104: 0 | H104: 0 | I104: =SUM(E104:H104) -> 7.6527667
C105: Home Office | D105: Shared Outcomes Fund: Joint Combatting Drugs Unit | E105: 0.0547637 | F105: 0 | G105: 0 | H105: 0 | I105: =SUM(E105:H105) -> 0.0547637
D106: Shared Outcomes Fund: Project ADDER (Addiction, Diversion, Disruption, Enforcement and Recovery) | E106: 0.048696478 | F106: 0 | G106: 0 | H106: 0 | I106: =SUM(E106:H106) -> 0.048696478
D107: SCAPE Funding: Police Pensions | E107: 23.836558 | F107: 0 | G107: 0 | H107: 0 | I107: =SUM(E107:H107) -> 23.836558
D108: SCAPE Funding: Police Admin Costs | E108: 2.4642255 | F108: 0 | G108: 0 | H108: 0 | I108: =SUM(E108:H108) -> 2.4642255
D109: SCAPE Funding: Fire Pension | E109: 8.2706757 | F109: 0 | G109: 0 | H109: 0 | I109: =SUM(E109:H109) -> 8.2706757
...

Sheet 3.4 (b) Capital Changes
B2: 3.4 (b) Capital DEL funding changes since Spending Review 2021
E3: Capital DEL excl financial transactions | F3: financial transactions DEL | G3: total Capital DEL
B4: Spending Round 2021 Baseline | E4: 4052.009 | F4: 392.58607 | G4: =SUM(E4:F4) -> 4444.5951
B6: Barnett consequentials
B7: £ million/Event | C7: Department | D7: Measures | E7: Capital DEL excl financial transactions | F7: financial transactions DEL | G7: total Capital DEL
B8: Spending Review 2021 | C8: Multiple | E8: 637.91825 | F8: -216.54983 | G8: =SUM(E8:F8) -> 421.36842
B10: Spring Budget 23 | C10: Department for Digital, Culture, Media and Sport | D10: Charities (DCMS) | E10: 1.2115863 | F10: 0 | G10: =SUM(E10:F10) -> 1.2115863
B11: Subtotal Spring Budget 23 | E11: =SUM(E10) -> 1.2115863 | F11: =SUM(F10) -> 0 | G11: =SUM(E11:F11) -> 1.2115863
B13: Autumn Statement 2023 | C13: Department for Levelling Up, Housing and Communities: Local Government | D13: Local Authority Housing Fund | E13: 9.6926903 | F13: 0 | G13: =SUM(E13:F13) -> 9.6926903
B14: Subtotal Autumn Statement 2023 | E14: =SUM(E13) -> 9.6926903 | F14: =SUM(F13) -> 0 | G14: =SUM(E14:F14) -> 9.6926903
B16: Main Estimates 2024-25 | C16: Department for Levelling Up, Housing and Communities: Communitie | D16: Shared Outcomes Fund (Changing Futures) | E16: 0.070756639 | F16: 0 | G16: =SUM(E16:F16) -> 0.070756639
C17: Department for Digital, Culture, Media and Sport | D17: R&D- NHM Unlocked | E17: -2.5808175 | F17: 0 | G17: =SUM(E17:F17) -> -2.5808175
C18: Department for Education | D18: Shared Outcomes Fund 2 - Data improvement across government | E18: 0.0029078071 | F18: 0 | G18: =SUM(E18:F18) -> 0.0029078071
C19: Department for Health and Social Care | D19: Shared Outcomes Fund - UKHSA National Biosurveillance Network | E19: 0.84423333 | F19: 0 | G19: =SUM(E19:F19) -> 0.84423333
D20: Shared Outcomes Fund - Understanding the Impacts of COVID-19 | E20: 0.03004734 | F20: 0 | G20: =SUM(E20:F20) -> 0.03004734
C21: Ministry of Justice | D21: Shared Outcomes Fund - BOLD CDEL | E21: 0.11301258 | F21: 0 | G21: =SUM(E21:F21) -> 0.11301258
C22: Department for Science, Innovation and Technology | D22: HMT ODA Budget Surrender | E22: -0.10666154 | F22: 0 | G22: =SUM(E22:F22) -> -0.10666154
C23: Department for Work and Pensions | D23: Reserve claim: Labour Market Evaluation Pilot: Jobs Plus (CDEL) | E23: 0.016477574 | F23: 0 | G23: =SUM(E23:F23) -> 0.016477574
C24: Small and Independent Bodies | D24: Delivery Authority grant | E24: -0.032815251 | F24: 0 | G24: =SUM(E24:F24) -> -0.032815251
D25: Future Population, Migration and Social Statistics (FPMS) Programme funding (CDEL) | E25: 0.35649497 | F25: 0 | G25: =SUM(E25:F25) -> 0.35649497
B26: Subtotal Main Estimates 2024-25 | E26: =SUM(E16:E25) -> -1.286364 | F26: =SUM(F16:F25) -> 0 | G26: =SUM(E26:F26) -> -1.286364
B28: Total, Barnett consequentials | E28: =SUM(E8+E11+E14+E26) -> 647.53616 | F28: =SUM(F8+F11+F14+F26) -> -216.54983 | G28: =SUM(G8+G11+G14+G26) -> 430.98633
B30: Other non-Barnett allocations
B31: Spending Review 2021 | C31: Capital DEL | D31: Network Rail | E31: 632 | F31: 0 | G31: =SUM(E31:F31) -> 632
B32: Subtotal Spending Review 2021 | E32: =E31 -> 632 | F32: =F31 -> 0 | G32: =G31 -> 632
B34: Autumn Statement 22 | C34: Capital DEL | D34: IFRS16 | E34: 117.279 | F34: 0 | G34: =SUM(E34:F34) -> 117.279
B35: Subtotal Autumn Statement 22 | E35: =SUM(E34:E34) -> 117.279 | F35: =SUM(F34:F34) -> 0 | G35: =SUM(E35:F35) -> 117.279
B37: Main Estimates 2024-25 | C37: Capital_DEL_General | D37: Carry forward to 2024-25. | E37: 14.758 | F37: 0 | G37: =SUM(E37:F37) -> 14.758
C38: Capital_DEL_General | D38: Transfer from HMT in respect of Network Rail Funding. | E38: 38 | F38: 0 | G38: =SUM(E38:F38) -> 38
C39: Capital_DEL_General | D39: Reserve Claim from HMT in respect of City Regional Deals (Forthside Land Transfer). | E39: 5 | F39: 0 | G39: =SUM(E39:F39) -> 5
C40: Capital_DEL_FT | D40: FTs flexibilities. | E40: 0 | F40: -52.838 | G40: =SUM(E40:F40) -> -52.838
B41: Subtotal Main Estimates 2024-25 | E41: =SUM(E37:E40) -> 57.758 | F41: =SUM(F37:F40) -> -52.838 | G41: =SUM(G37:G40) -> 4.92
B43: Total, Non-Barnett allocations | E43: =SUM(E32+E35+E41) -> 807.037 | F43: =SUM(F32+F35+F41) -> -52.838 | G43: =SUM(G32+G35+G41) -> 754.199
B45: Total, 2024-25 changes | E45: =SUM(E28+E43) -> 1454.5732 | F45: =SUM(F28+F43) -> -269.38783 | G45: =SUM(G28+G43) -> 1185.1853
B46: Total, revised CDEL | E46: =SUM(E4+E45) -> 5506.5822 | F46: =SUM(F4+F45) -> 123.19824 | G46: =SUM(G4+G45) -> 5629.7804

Sheet 3.5 SG Trends
B2: 3.5 Scottish Government DEL Funding 2019-20 to 2024-25
C4: 2019-20 | D4: 2020-21 | E4: 2021-22 | F4: 2022-23 | G4: 2023-24 | H4: 2024-25
B5: £m[1] | C5: Outturn | D5: Outturn | E5: Outturn | F5: Plans | G5: Plans | H5: Plans
B6: Scottish Government Resource DEL (pre Block Grant Adjustments) | C6: 29639.45 | D6: 39912.334 | E6: 37471.309 | F6: 38097.06 | G6: 40131.297 | H6: =SUM('3.4 (a) Resource Changes'!I162-'3.4 (a) Resource Changes'!H162) -> 40449.474
B7: Tax Block Grant Adjustment | C7: -12193.079 | D7: -12056.609 | E7: -12223.335 | F7: -14878.012 | G7: -15696.588 | H7: -19886.433
B8: Welfare Block Grant Adjustment | C8: 289.6 | D8: 3181.625 | E8: 3309.309 | F8: 3724.866 | G8: 4435.078 | H8: 5209.4402
B9: Scottish Government Resource DEL (post Block Grant Adjustments) | C9: 17735.971 | D9: 31037.35 | E9: 28557.283 | F9: 26943.914 | G9: 28869.787 | H9: =SUM(H6:H8) -> 25772.482
B10: Scottish Government Capital DEL | C10: 4260.497 | D10: 5230.499 | E10: 5224.299 | F10: 6412.37 | G10: 6423.5601 | H10: ='3.4 (b) Capital Changes'!G46 -> 5629.7804
B11: Scottish Government Resource DEL plus Capital DEL [2] | C11: 21996.468 | D11: 36267.849 | E11: 33781.582 | F11: 33356.284 | G11: 35293.347 | H11: =SUM(H9:H10) -> 31402.262
B12: less depreciation & impairments | C12: -1018.614 | D12: -1060.015 | E12: -532.758 | F12: -2087.5475 | G12: -2522.6047 | H12: =SUM(-'3.4 (a) Resource Changes'!F162-'3.4 (a) Resource Changes'!G162) -> -2103.1654
B13: Total Scottish Government DEL[3] | C13: 20977.854 | D13: 35207.834 | E13: 33248.824 | F13: 31268.736 | G13: 32770.742 | H13: =SUM(H11:H12) -> 29299.097
B15: [1] Totals may not sum due to rounding
B16: [2] Including depreciation and impairments
B17: [3] Total DEL = Resource + capital – (depreciation & impairments)

Sheet BGT
B1: Table 1.2 Welsh Government block grant funding for the Spending Review 2015 period (£ million)¹
C2: £ million
B3: DEL changes by department and measure
C4: 2020-21
B5: SPENDING REVIEW 2015 OUTCOME
B6: Resource DEL | C6: -
B7: Capital DEL | C7: 1649.1464
B8: Capital DEL Financial Transactions | C8: 84.310299
B9: Total Spending Review Settlement | C9: 1733.4567
B11: BUDGET 2016
B12: Total DEL change Budget 2016 | C12: -
B14: MAIN ESTIMATES 2016-17
B15: Total Resource DEL in-year changes | C15: -
B16: Total Capital DEL in-year changes | C16: 0
B17: Total DEL in-year changes Main Estimates 2016-17 | C17: 0
B19: AUTUMN STATEMENT 2016
B20: Capital DEL change by department and measure
B21: Total Barnett Consequentials | C21: 133.64352
B22: Business, Energy & Industrial Strategy | C22: 6.1803238
B23: Tech Transfer | C23: 1.415
B24: Quality-related Research funding | C24: 4.7653238
B25: Communities & Local Government | C25: 93.107
B26: Accelerated construction | C26: 18.112
B27: Affordable housing | C27: 7.075
B28: Housing Infrastructure Fund | C28: 67.92
B29: Culture, Media & Sport | C29: 0.3962
B30: 2021 Rugby League World Cup | C30: 0.1415
B31: Cycling Road World Championships | C31: 0.2547
B32: Education | C32: 2.83
... B37: Total Capital DEL change Autumn Statement 2016 | C37: 133.64352
B38: Capital DEL Financial Transactions change
B39: Total Barnett Consequentials | C39: 1.193128
B40: Business, Energy & Industrial Strategy
B41: Midlands Engine Investment Fund | C41: 0.966728
B42: Northern Power House: Investment Fund | C42: 0.2264
B43: Total Capital DEL Financial Transactions change Autumn Statement 2016 | C43: 1.193128
B44: Total DEL change Budget 2016 | C44: 134.83665
B46: SPRING BUDGET 2017
B47: Capital DEL change by department and measure
B48: Total Barnett Consequentials | C48: -
B49: Education | C49: 13.4142
B50: Education capital: extend free schools programme | C50: 13.4142
B51: Total Capital DEL change Spring Budget 2017 | C51: 13.4142
B52: Total DEL Spring Budget 2017 | C52: 13.4142
B54: AUTUMN BUDGET 2017
B55: Capital DEL change by department and measure
B56: Total Non-Barnett Additions | C56: 8
B57: City Deal: Swansea | C57: 8
B58: Capital DEL change by department and measure
B59: Total Barnett Consequentials | C59: 122.07529
B60: Communities & Local Government | C60: 56.3
B61: Housing Infrastructure Fund: Extend | C61: 33.78
B62: Land Assembly Fund | C62: 16.89
B63: Small sites: infrastructure and remediation | C63: 5.63
B64: Culture, Media & Sport | C64: 0.08445
B65: Jodrell Bank | C65: 0.08445
B66: Environment, Food & Rural Affairs | C66: 1.0134
B67: Flood defence investment² | C67: 0.4504
B68: Flood defence investment - Regeneration and Growth Fund² | C68: 0.563
B69: Health | C69: 48.3617
B70: NHS: additional capital | C70: 48.3617
... B75: Transforming Cities Fund | C75: 11.823
B76: Capital DEL change by department and measure
B77: Total 5% Barnett uplift | C77: 22.191
B78: Fiscal Framework 5% Barnett uplift | C78: 22.191
B79: Total Capital DEL change Autumn Budget 2017 | C79: 152.26629
B80: Capital DEL Financial Transactions change by department and measure
B81: Total Barnett Consequentials | C81: 204.5379
B82: Communities & Local Government
B83: Estate Regeneration | C83: 4.504
B84: Help to Buy: Equity Loan | C84: 179.2029
B85: Home Building Fund: SMEs | C85: 20.831
B86: Capital DEL Financial Transactions change
B87: Total 5% Barnett uplift | C87: 1.717
B88: Fiscal Framework 5% Barnett uplift | C88: 1.717
B89: Total Capital DEL Financial Transactions change Autumn Budget 2017 | C89: 206.2549
B90: Total DEL change Autumn Budget 2017 before adjustment for tax devolution | C90: 358.52119
B91: Total DEL change Autumn Budget 2017 after adjustment for tax devolution | C91: 358.52119
B95: MAIN ESTIMATES 2018
B96: Capital DEL in-year changes
B97: Budget Transfer from Business, Energy & Industrial Strategy: R&D | C97: 2.058
B98: Total Capital DEL in-year changes | C98: 2.058
B99: Total DEL in-year changes Main Estimates 2017-18 | C99: 2.058
B101: IN-YEAR CHANGES 2017-2018
B102: Resource DEL in-year changes
B103: 2017-18 Estimated Outturn May 2018 (RDEL excl depreciation) | C103: -
B104: 2017-18 Provisional Outturn June 2018 (RDEL excl depreciation) | C104: -
B105: Total Resource DEL in-year changes | C105: 0
B106: Capital DEL in-year change
B107: 2017-18 Estimated Outturn May 2018 | C107: 0
B108: 2017-18 Provisional Outturn June 2018 | C108: 0
B109: Total Capital DEL in-year changes | C109: 0
B110: Total DEL in-year changes 2017-18 | C110: 0
B112: BUDGET 2018
B113: Total Resource DEL change Autumn Budget 2018 | C113: 0
B114: Capital DEL change by department and measure
B115: Barnett Consequentials | C115: 4.4901552
B116: Health and Social Care | C116: 0
B118: Transport | C118: 0.281
B121: Birmingham: future mobility area | C121: 0.281
...
